 Dungeon Crawl Stone Soup version 0.13-a0-3016-gcb2faac (webtiles) character file.

347 Malachi the Covered (level 5, -3/41 HPs)
             Began as a Djinni Fighter on Sept 12, 2013.
             Killed from afar by an orc wizard (5 damage)
             ... with a magic dart
             ... on Level 3 of the Dungeon.
             The game lasted 00:03:53 (1983 turns).

Malachi the Covered (Djinni Fighter)                Turns: 1983, Time: 00:03:53

HP  -3/41        AC  7     Str 17      XL: 5   Next: 41%
MP   0/0         EV  6     Int  8      God:
Gold 157         SH 19     Dex 13      Spells:  0 memorised,  4 levels left

Res.Fire  : + + +   See Invis. : .   a - +0,+1 falchion
Res.Cold  : x . .   Warding    : .   b - +0 scale mail
Life Prot.: + + +   Conserve   : .   c - +0 shield
Res.Poison: .       Res.Corr.  : .   (no helmet)
Res.Elec. : .       Clarity    : .   (no cloak)
Sust.Abil.: . .     Spirit.Shd : .   (no gloves)
Res.Mut.  : .       Stasis     : .   (boots unavailable)
Res.Rott. : .       Flight     : .   (no amulet)
Saprovore : . . .                    (no ring)
                                     (no ring)

@: slowed, very slow, slightly resistant to hostile enchantments, extremely
unstealthy
A: fire immunity, cold vulnerability, life protection 3
a: no special abilities


You were on level 3 of the Dungeon.
You were not hungry.

You visited 1 branch of the dungeon, and saw 3 of its levels.

You collected 137 gold pieces.

Inventory:

Hand weapons
 a - a +0,+1 falchion (weapon)
 k - a +0,+0 orcish dagger of venom
Missiles
 h - 21 darts (quivered)
Armour
 b - a +0 scale mail (worn)
 c - a +0 shield (worn)
Magical devices
 j - a wand of slowing (20) {unknown}
Scrolls
 d - a scroll of remove curse {unknown}
 i - a scroll of enchant weapon II
 o - a scroll of teleportation {unknown}
Potions
 e - a potion of might {unknown}
 f - 2 potions of curing
 g - a potion of invisibility {unknown}
 l - a potion of brilliance {unknown}
 m - a potion of mutation {unknown}
 n - a potion of agility {unknown}
 p - 2 potions of poison {unknown}
 q - 2 potions of confusion {unknown}


   Skills:
 + Level 3.2 Fighting
 + Level 2.3 Long Blades
 + Level 4.4 Armour
 + Level 1.7 Dodging
 + Level 0.1 Stealth
 + Level 4.3 Shields


You had 4 spell levels left.
You didn't know any spells.

Dungeon Overview and Level Annotations

Branches:
Dungeon (3/27)

Altars:
Sif Muna
Trog
Zin

Shops:
D:3 *


Innate Abilities, Weirdness & Mutations

You are immune to all types of fire, even holy and hellish.
You are vulnerable to cold.
You need no food.
You have no legs.
You are immune to negative energy.


Message History

The orc wizard hits you but does no damage.
The orc wizard completely misses you.
The orc wizard points at you and mumbles some strange words.
The magic dart hits you!
* * * LOW HITPOINT WARNING * * *
You block the orc wizard's attack.
The orc wizard gestures at you while chanting.
The magic dart hits you!
* * * LOW HITPOINT WARNING * * *
Drink which item? (? for menu, Esc to quit)
You feel better.
The orc wizard points at you and mumbles some strange words.
The magic dart hits you!
* * * LOW HITPOINT WARNING * * *
The orc wizard completely misses you.
The orc wizard points at you and mumbles some strange words.
You resist. The orc wizard casts a spell at you. The magic dart hits you!
You die...

###..........##..#.....###.#.
#..#######.##.<[....## #.#.
#######..#
##...##.#(..#####.#.
.........#
#.._..#.#.....##.%).
#######..#
#.8.8.#.#(###.#..... #..#
###'###.%.# #....... #..#
#...####.###.#..... ##..#
#oo.##............# #...#
#≈@≈##..).......###
#...######.:.####.#.##...#
####.......#########.#.###.##
#(.).>...............#.# #.#
#...............## ###.#
#.#### #...............# #.#
#.#... ........####...### #.#
#....# ######...####...# #.#
#..#.. #.........## #.# #..%#


You could see 2 orc wizards.

Vanquished Creatures
  An orc priest (D:3)
  An orc wizard (D:3)
  Ijyb (D:3)
  Jessica (D:3)
  3 adders
  A worm (D:3)
  2 giant geckos
  2 oozes
  9 orcs (D:3)
  6 bats
  3 giant cockroaches
  5 hobgoblins
  2 jackals (D:3)
  3 giant newts
  6 goblins
  6 kobolds
  A quokka (D:2)
  5 rats
58 creatures vanquished.

Notes
Turn   | Place    | Note
--------------------------------------------------------------
     0 | D:1      | Malachi, the Djinni Fighter, began the quest for the Orb.
     0 | D:1      | Reached XP level 1. HP: 16/16 MP: 0/0
   153 | D:1      | Reached XP level 2. EP: 20/22
   675 | D:2      | Reached XP level 3. EP: 25/29
   721 | D:2      | Found a bloodstained altar of Trog.
  1060 | D:3      | Reached skill level 4 in Armour
  1060 | D:3      | Reached XP level 4. EP: 27/35
  1080 | D:3      | Reached skill level 1 in Dodging
  1302 | D:3      | Found Zin's Purification Station.
  1303 | D:3      | Found a glowing silver altar of Zin.
  1306 | D:3      | Noticed Ijyb
  1322 | D:3      | Killed Ijyb
  1325 | D:3      | Reached XP level 5. EP: 31/41
  1517 | D:3      | Noticed Jessica
  1528 | D:3      | Killed Jessica
  1950 | D:3      | Found a deep blue altar of Sif Muna.
  1983 | D:3      | HP: 2/41 [orc wizard/magic dart (8)]
  1983 | D:3      | Killed from afar by an orc wizard

Action                   |  1- 3 |  4- 6 || total
-------------------------+-------+-------++-------
Melee: Falchion          |   124 |   126 ||   250
  Use: Scroll            |     5 |       ||     5
       Potion            |     1 |     3 ||     4
 Stab: Distracted        |       |     1 ||     1
